 Dungeon Crawl Stone Soup version 0.29.1-12-g30fa7ad0bf (webtiles) character file.

Game seed: 15204720340886154463

79 cheesebisquit the Chopper (level 4, 0/40 HPs)
             Began as a Minotaur Berserker on Dec 15, 2022.
             Was a Believer of Trog.
             Slain by a gnoll
             ... wielding a +0 whip
              (4 damage)
             ... on level 2 of the Dungeon.
             The game lasted 00:04:37 (1009 turns).

cheesebisquit the Chopper (Minotaur Berserker)      Turns: 1009, Time: 00:04:38

Health: 0/40       AC: 11    Str: 24    XL:     4   Next: 17%
Magic:  3/3        EV:  7    Int:  4    God:    Trog [**....]
Gold:   39         SH:  0    Dex:  9    Spells: 3/3 levels left

rFire   . . .      SeeInvis .   a - +0 hand axe
rCold   . . .      Faith    .   (no shield)
rNeg    . . .      Spirit   .   d - +0 plate armour
rPois   .          Reflect  .   (helmet restricted)
rElec   .          Harm     .   (no cloak)
rCorr   .          Rampage  .   (no gloves)
Will    ++...                   (no boots)
Stlth   ..........              c - amulet of magic regeneration
HPRegen 1.13/turn               (no ring)
MPRegen 0.48/turn               (no ring)

@: strong-willed, regenerating
A: horns 2, retaliatory headbutt
a: Renounce Religion, Berserk, Trog's Hand


You were on level 2 of the Dungeon.
You worshipped Trog.
Trog was pleased with you.
You visited 1 branch of the dungeon, and saw 2 of its levels.

You collected 39 gold pieces.

Inventory:

Hand Weapons
 a - a +0 hand axe (weapon)
Missiles
 b - 19 stones (quivered)
 i - 6 poisoned darts
Armour
 d - a +0 plate armour (worn)
Jewellery
 c - an amulet of magic regeneration (around neck)
Scrolls
 e - 2 scrolls of identify {unknown}
 h - 3 scrolls of magic mapping {unknown}
Potions
 f - a potion of curing {unknown}
 g - a potion of lignification {unknown}


   Skills:
 - Level 3.8 Fighting
 + Level 5.7 Axes
 - Level 2.7 Armour
 - Level 2.4 Dodging


You had 3 spell levels left.
You didn't know any spells.
Your spell library was empty.

Dungeon Overview and Level Annotations

Branches:
Dungeon (2/15)

Altars:


Innate Abilities, Weirdness & Mutations

You have a pair of horns on your head.
You reflexively headbutt those who attack you in melee.


Message History

The gnoll is heavily wounded.
You barely miss the ball python.
The ball python bites you but does no damage.
The ball python closely misses you.
The gnoll hits you from afar with a +0 spear.
You slash the gnoll! You headbutt the gnoll.
The gnoll is severely wounded.
You hit the ball python. The ball python barely misses you.
The ball python grabs you. The ball python constricts you.
The gnoll hits you from afar with a +0 spear.
The ball python bites you but does no damage.
The ball python constricts you.
You slash the ball python!
You kill the ball python!
Trog accepts your kill.
You barely miss the gnoll. The gnoll closely misses you.
The gnoll hits you but does no damage.
You hit the gnoll but do no damage. Your headbutt misses the gnoll.
The gnoll is severely wounded.
You hit the gnoll.
The gnoll hits you from afar with a +0 spear.
The gnoll hits you with a +0 whip.
A frilled lizard comes into view.
The gnoll hits you with a +0 club.
You are too injured to fight recklessly!
You are too injured to fight recklessly!
You are too injured to fight recklessly!
You closely miss the gnoll. You headbutt the gnoll.
You kill the gnoll!
Trog accepts your kill.
You hit the gnoll. The gnoll hits you with a +0 whip!
* * * LOW HITPOINT WARNING * * *
The gnoll hits you from afar with a +0 spear!
* * * LOW HITPOINT WARNING * * *
Okay, then.
Okay, then.
Your skin crawls.
You feel strong-willed. The gnoll closely misses you.
The gnoll hits you with a +0 whip.
You die...

#.# # #....
...#....#. #.#
#####
..#....l# #.#
.. .......#
#.# ##
#......# #.# #
#...... #.#
#.##...g##.#.#
#....g)....#.#
#..@.# #.#
###....####.#
#...........#
#.###########
#


You could see 2 gnolls and a frilled lizard.

Vanquished Creatures
  An adder (D:2)
  A gnoll (D:2)
  2 dart slugs (D:2)
  6 ball pythons
  6 endoplasms
  A giant cockroach (D:2)
  5 goblins
  6 hobgoblins
  A quokka (D:1)
  8 bats
  3 frilled lizards
  5 kobolds
  10 rats
55 creatures vanquished.

Notes
Turn   | Place    | Note
-------+----------+-------------------------------------------
     0 | D:1      | cheesebisquit the Minotaur Berserker began the quest for
                  | the Orb.
     0 | D:1      | Reached XP level 1. HP: 19/19 MP: 0/0
   101 | D:1      | Reached XP level 2. HP: 25/27 MP: 1/1
   151 | D:1      | Reached skill level 4 in Axes
   286 | D:1      | Reached ** piety under Trog
   339 | D:1      | Reached XP level 3. HP: 31/33 MP: 2/2
   643 | D:2      | Reached skill level 5 in Axes
   952 | D:2      | Reached XP level 4. HP: 38/40 MP: 3/3
  1009 | D:2      | Slain by a gnoll

Illustrated notes

Levels and vault maps discovered:
D:1:      eino_arrival_water_star, layout_rooms, glass_columns_a,
          amcnicky_mini_pool_small, serial_bayou_pond_e
D:2:      layout_basic, kennysheep_minor_cross, minmay_rat_gold_closets,
          uniq_sigmund

Skill      XL: |  1  2  3 |
---------------+----------+-----
Axes           | 4 5 |  5.7
Fighting       | |  3.8
Armour         | |  2.7
Dodging        | |  2.4

Action                   |  1- 3 |  4- 6 || total
-------------------------+-------+-------++-------
Melee: Hand axe          |   129 |     6 ||   135
       Headbutt          |    11 |     3 ||    14
Invok: Berserk           |     1 |       ||     1
       Trog's Hand       |       |     1 ||     1
Armor: Plate armour      |   108 |     3 ||   111
Dodge: Dodged            |    32 |     4 ||    36
